 Dungeon Crawl Stone Soup version 0.23-b1-51-gfe822ef6ca (webtiles) character file.

Game seed: 197927503165818269

88 Forgol the Skirmisher (level 4, -6/29 HPs)
             Began as a Gargoyle Fighter on Feb 4, 2019.
             Mangled by Sigmund
             ... wielding a +0 scythe
              (9 damage)
             ... on level 2 of the Dungeon.
             The game lasted 00:02:07 (920 turns).

Forgol the Skirmisher (Gargoyle Fighter)             Turns: 920, Time: 00:02:08

Health: -6/29      AC: 10    Str: 20    XL:     4   Next: 54%
Magic:  4/4        EV:  7    Int:  9    God:
Gold:   103        SH:  9    Dex:  9    Spells: 3/3 levels left

rFire    . . .     SeeInvis .   j - +3 whip (elec)
rCold    . . .     Gourm    .   c - +0 shield
rNeg     + . .     Faith    .   b - +0 scale mail
rPois    ∞         Spirit   .   (no helmet)
rElec    +         Reflect  .   (no cloak)
rCorr    .         Harm     .   (no gloves)
MR       .....                  (no boots)
Stlth    ..........             (no amulet)
HPRegen  0.09/turn              (no ring)
MPRegen  0.09/turn              (no ring)

@: no status effects
A: negative energy resistance 1, electricity resistance, unbreathing,
petrification resistance, rot immunity, AC +3
a: no special abilities


You were on level 2 of the Dungeon.
You were not hungry.

You visited 1 branch of the dungeon, and saw 2 of its levels.

You collected 103 gold pieces.

Inventory:

Hand Weapons
 a - a +0 flail
 j - a +3 whip of electrocution (weapon)
Armour
 b - a +0 scale mail (worn)
 c - a +0 shield (worn)
 l - a +1 cloak
Scrolls
 e - 2 scrolls of identify {unknown}
 h - a scroll of enchant weapon {unknown}
 i - 2 scrolls of blinking {unknown}
 k - a scroll of remove curse {unknown}
Potions
 d - 2 potions of might
 m - a potion of heal wounds {unknown}
Comestibles
 f - 3 rations
 g - 10 chunks of flesh


   Skills:
 + Level 3.9 Fighting
 * Level 3.3 Maces & Flails
 + Level 3.8 Armour
 + Level 3.9 Shields


You had 3 spell levels left.
You didn't know any spells.
Your spell library was empty.

Dungeon Overview and Level Annotations

Branches:
Dungeon (2/15)

Altars:

Annotations:
D:2 Sigmund


Innate Abilities, Weirdness & Mutations

You are resistant to torment.
Your stone body is resilient. (AC +3)
You are immune to poison.
You resist negative energy. (rN+)
You are resistant to electric shocks. (rElec)
You can survive without breathing.
You are immune to petrification.
You are immune to rotting.


Message History

Sigmund hits you but does no damage. Sigmund hits you but does no damage.
A bat comes into view.
You whack Sigmund!
Sigmund is heavily wounded.
Sigmund casts a spell.
Sigmund flickers and vanishes!
Deactivating autopickup; reactivate with Ctrl-A.
Something hits you!
* * * LOW HITPOINT WARNING * * *
You bump into the rock wall.
You feel less confused. You block the bat's attack. The bat barely misses you.
Something hits you but does no damage.
You hit something. Lightning courses through something!
You hear some strange, mumbled words.
A puff of flame appears from out of thin air!
The puff of flame hits you but does no damage.
You miss something. The bat hits you but does no damage. Something hits you!
You die...

.##......####....#.........§≈
#...)#......................≈
###....#.#..................≈
.............................
.............................
###...###.................#
#....###........####....## #
#..#...........{### #....##
###..####.......@...#####...####
..#..# ##....b.......###.......
#.########...######.........#...
#>...#.....### ######........
####...##### ##.##.... ##### ...
.. ####


You could see a bat.

Vanquished Creatures
  A gnoll (D:1)
  4 adders (D:2)
  A worm (D:2)
  2 dart slugs (D:1)
  A leopard gecko (D:1)
  2 goblins (D:1)
  5 hobgoblins
  6 jackals (D:2)
  2 bats (D:2)
  3 frilled lizards
  6 kobolds
  4 rats
37 creatures vanquished.

Notes
Turn   | Place    | Note
-------+----------+-------------------------------------------
     0 | D:1      | Forgol the Gargoyle Fighter began the quest for the Orb.
     0 | D:1      | Reached XP level 1. HP: 14/14 MP: 1/1
   244 | D:1      | Reached XP level 2. HP: 19/19 MP: 2/2
   344 | D:1      | Reached XP level 3. HP: 23/23 MP: 3/3
   740 | D:2      | Reached XP level 4. HP: 23/29 MP: 4/4
   886 | D:2      | Noticed Sigmund
   920 | D:2      | Mangled by Sigmund

Skill      XL: |  1  2  3 |
---------------+----------+-----
Maces & Flails | 3 |  3.3
Fighting       | |  3.9
Armour         | |  3.8
Shields        | |  3.9

Action                   |  1- 3 |  4- 6 || total
-------------------------+-------+-------++-------
Melee: Flail             |    30 |       ||    30
       Whip              |    53 |    33 ||    86
  Use: Potion            |       |     1 ||     1
Armor: Scale mail        |    34 |    30 ||    64
Dodge: Dodged            |    23 |    18 ||    41
Block: Shield            |    41 |    27 ||    68
